 Dungeon Crawl Stone Soup version 0.28-a0-1524-ge72afd5fc6 (webtiles) character file.

Game seed: 11139212513548317621

857 issech the Slasher (level 7, -1/62 HPs)
             Began as a Minotaur Fighter on Jan 17, 2022.
             Was an Initiate of Fedhas.
             Killed by nerve-wracking pain
             ... invoked by Menkaure
              (7 damage)
             ... on level 4 of the Dungeon.
             The game lasted 00:22:05 (3806 turns).

issech the Slasher (Minotaur Fighter)               Turns: 3806, Time: 00:22:06

Health: -1/62      AC: 18    Str: 23    XL:     7   Next: 70%
Magic:  6/6        EV:  5    Int:  9    God:    Fedhas [......]
Gold:   84         SH:  9    Dex: 13    Spells: 6/6 levels left

rFire   . . .      SeeInvis .   a - +0 long sword
rCold   . . .      Faith    .   x - +0 kite shield
rNeg    . . .      Spirit   .   o - +0 plate armour
rPois   .          Reflect  .   (helmet restricted)
rElec   .          Harm     .   (no cloak)
rCorr   .          Rampage  .   (no gloves)
Will    .....                   M - +0 pair of boots
Stlth   ..........              (no amulet)
HPRegen 0.20/turn               w - ring of Syndicalism {Wiz Int+4 Dex+4}
MPRegen 0.10/turn               t - +4 ring of protection

@: no status effects
A: horns 2, retaliatory headbutt
a: Renounce Religion


You were on level 4 of the Dungeon.
You worshipped Fedhas.
Fedhas was noncommittal.
You visited 1 branch of the dungeon, and saw 4 of its levels.

You collected 147 gold pieces.
You spent 63 gold pieces at shops.

Inventory:

Hand Weapons
 a - a +0 long sword (weapon)
 c - a +0 scythe
 h - a +2 whip of freezing
 v - a +0 club
 N - a +0 dire flail
Missiles
 f - 94 stones (quivered)
 r - 68 bolts
Armour
 b - a scarf of harm
 e - a +0 robe
 i - a +0 robe
 l - a +0 chain mail
 o - a +0 plate armour (worn)
 x - a +0 kite shield (worn)
 z - a +0 chain mail
 M - a +0 pair of boots (worn)
Jewellery
 g - a +4 ring of evasion
 t - a +4 ring of protection (right hand)
 w - the ring of Syndicalism (left hand) {Wiz Int+4 Dex+4}
   (You found it on level 2 of the Dungeon)

   [ring of wizardry]

   It improves your spell success rate.
   Int:       It affects your intelligence (+4).
   Dex:       It affects your dexterity (+4).
 D - a ring of resist corrosion
Wands
 p - a wand of flame (22)
 s - a wand of paralysis (9)
Scrolls
 n - 2 scrolls of blinking {unknown}
 q - a scroll of enchant weapon {unknown}
 y - 2 scrolls of teleportation {unknown}
 B - 3 scrolls of identify {unknown}
Potions
 d - a potion of might
 j - a potion of berserk rage {unknown}
 k - a potion of mutation {unknown}
 m - a potion of brilliance {unknown}
 u - a potion of curing {unknown}
 F - a potion of degeneration {unknown}
 H - a potion of lignification {unknown}
 I - a potion of ambrosia {unknown}


   Skills:
 + Level 5.9 Fighting
 + Level 7.4 Long Blades
 + Level 6.0 Armour
 + Level 0.8 Dodging
 + Level 0.2 Stealth
 + Level 5.0 Shields


You had 6 spell levels left.
You didn't know any spells.
Your spell library contained the following spells:

 Spells                   Type           Power      Damage    Failure   Level
 Slow                     Hex            0%         N/A       99%         1
 Confusing Touch          Hex            0%         N/A       100%        3
 Vampiric Draining        Necr           0%         2d6       100%        3


Dungeon Overview and Level Annotations

Branches:
Dungeon (4/15)
 Temple: D:4-7

Altars:
Fedhas
Sif Muna

Shops:
D:1 *

Annotations:
D:4 Menkaure


Innate Abilities, Weirdness & Mutations

You have a pair of horns on your head.
You reflexively headbutt those who attack you in melee.


Message History

You hit Ijyb.
You kill Ijyb!
Fedhas appreciates your contribution to the ecosystem.
p - a wand of flame (22)
Things that are here:
a +0 club; a +0 chain mail
v - a +0 club;
z - a +0 chain mail Menkaure, Prince of Dust comes into view.
Menkaure shouts!
Menkaure gestures wildly while chanting.
Menkaure seems to speed up.
You block Menkaure's attack.
You hit Menkaure. You headbutt Menkaure!
Menkaure is moderately damaged.
You block Menkaure's attack.
Menkaure calls on the powers of darkness!
Your body is wracked with pain!
You slash Menkaure! You headbutt Menkaure.
Menkaure is severely damaged.
Menkaure hits you but does no damage.
You barely miss Menkaure.
Menkaure is severely damaged.
Menkaure hits you! x2
* * * LOW HITPOINT WARNING * * *
You barely miss Menkaure. Your headbutt misses Menkaure.
Menkaure is severely damaged.
Menkaure calls on the powers of darkness!
Your body is wracked with pain!
* * * LOW HITPOINT WARNING * * *
You hit Menkaure. Your headbutt misses Menkaure.
Menkaure is severely damaged.
Menkaure hits you but does no damage.
Menkaure gestures at you while chanting.
You struggle to resist.
You completely miss Menkaure.
Menkaure is severely damaged.
Menkaure gestures at you while chanting.
Pain shoots through your body!
You die...
Fedhas appreciates your contribution to the ecosystem.

####### #.....# #..@#.#
#..M#.# # #...#.# ####
....###.###########...
......................
##....##.###.#######.##
#... #.# #..# ###.##
... +.....#†# ...... ..
###### ≈# ######


You could see Menkaure (fast).

Vanquished Creatures
  Pikel (D:4)
  Sigmund (D:4)
  The ghost of fragbeetle the Ruffian, an amateur DrTm (D:3)
  A lemure (D:4)
  A jelly (D:4)
  Ijyb (D:4)
  3 iguanas
  2 adders
  4 worms
  A dart slug (D:3)
  A ball python (D:2)
  2 endoplasms
  3 giant cockroaches
  7 goblins
  9 hobgoblins
  2 quokkas (D:1)
  2 frilled lizards
  A kobold (D:2)
  8 rats
51 creatures vanquished.

Vanquished Creatures (others)
  22 plants
22 creatures vanquished.

Grand Total: 73 creatures vanquished

Notes
Turn   | Place    | Note
-------+----------+-------------------------------------------
     0 | D:1      | issech the Minotaur Fighter began the quest for the Orb.
     0 | D:1      | Reached XP level 1. HP: 19/19 MP: 0/0
   307 | D:1      | Found Legygh's General Store.
   384 | D:1      | Reached XP level 2. HP: 27/27 MP: 1/1
   885 | D:2      | Found a faded altar of an unknown god.
  1298 | D:2      | Identified the ring of Syndicalism {Wiz Int+4 Dex+4}
  1391 | D:2      | Reached XP level 3. HP: 22/33 MP: 2/2
  1557 | D:2      | Reached skill level 3 in Long Blades
  1892 | D:2      | You fall into a shaft and drop 2 floors!
  1914 | D:3      | Reached XP level 4. HP: 31/41 MP: 3/3
  1924 | D:3      | Found a shimmering blue altar of Sif Muna.
  1937 | D:3      | Reached skill level 4 in Long Blades
  2022 | D:3      | Found a blossoming altar of Fedhas.
  2034 | D:3      | Became a worshipper of Fedhas Madash
  2113 | D:3      | Found a runed translucent door.
  2116 | D:3      | Noticed fragbeetle's ghost (amateur DrTm)
  2930 | D:1      | Bought a +0 pair of boots for 63 gold pieces
  3084 | D:3      | Killed fragbeetle's ghost
  3085 | D:3      | Reached XP level 5. HP: 28/47 MP: 4/4
  3175 | D:4      | Noticed a lemure
  3189 | D:4      | Killed a lemure
  3191 | D:4      | Noticed a lemure
  3192 | D:4      | Noticed Pikel
  3193 | D:4      | Noticed a lemure
  3194 | D:4      | Noticed Sigmund
  3203 | D:4      | Killed Pikel
  3204 | D:4      | Reached skill level 5 in Fighting
  3204 | D:4      | Reached skill level 6 in Long Blades
  3204 | D:4      | Reached skill level 5 in Armour
  3204 | D:4      | Reached XP level 6. HP: 37/56 MP: 5/5
  3204 | D:4      | Reached XP level 7. HP: 40/61 MP: 6/6
  3683 | D:4      | Killed Sigmund
  3684 | D:4      | Reached skill level 7 in Long Blades
  3684 | D:4      | Reached skill level 5 in Shields
  3784 | D:4      | Noticed Ijyb
  3791 | D:4      | Killed Ijyb
  3798 | D:4      | Noticed Menkaure
  3806 | D:4      | Killed from afar by Menkaure

Illustrated notes

Levels and vault maps discovered:
D:1:      minmay_arrival_up_and_down, layout_loops_ring, serial_shops,
          nicolae_lakefront_shop
D:2:      layout_loops_ring, dilly_ecumenical_altar_fadedgnrine,
          nicolae_figureground_sparkle
D:3:      layout_basic, fedhas_altar_4, mainiacjoe_overflow_small_starburst,
          ebering_ghost_reflecting_pool
D:4:      layout_basic, ashenzari_altar_1, nicolae_uskayaw_suspiria,
          portal_sewer_entry_d, serial_bayou_ford_a, dk_rats_in_the_wall,
          uniq_sigmund, uniq_pikel, uniq_menkaure, uniq_eustachio, uniq_ijyb

Skill      XL: |  1  2  3  4  5  6  7 |
---------------+----------------------+-----
Fighting       | 4 5 |  5.9
Shields        | 4 5 |  5.0
Armour         | 4 5 6 |  6.0
Long Blades    | 3 4 6 7 |  7.4
Dodging        | |  0.8
Stealth        | |  0.2

Action                   |  1- 3 |  4- 6 |  7- 9 || total
-------------------------+-------+-------+-------++-------
Melee: Long sword        |   112 |    59 |    40 ||   211
       Headbutt          |    22 |    10 |     7 ||    39
  Use: Potion            |       |       |     1 ||     1
Armor: Chain mail        |    22 |    22 |    11 ||    55
       Scale mail        |     1 |       |       ||     1
       Plate armour      |       |       |     7 ||     7
Dodge: Dodged            |    36 |    15 |     3 ||    54
Block: Buckler           |     4 |       |       ||     4
       Kite shield       |     9 |    18 |    10 ||    37

Table legend: (Time is in decaauts)
 A = Elapsed time spent in this place.
 B = Non-inter-level travel time spent in this place.
 C = Inter-level travel time spent in this place.
 D = Time resting spent in this place.
 E = Time spent auto-exploring this place.
 F = Levels seen in this place.
 G = Mean time per level.
                   A        B        C        D        E       F      G
               +--------+--------+--------+--------+--------+-----+--------+
         Total |   3881 |   3881 |      0 |    600 |   1504 |   4 |  970.2 |
       Dungeon |   3881 |   3881 |      0 |    600 |   1504 |   4 |  970.2 |
               +--------+--------+--------+--------+--------+-----+--------+

Top non-repeatable levels by time:
     D:3: 1465 daAuts
     D:2: 1327 daAuts
     D:1: 857 daAuts
     D:4: 230 daAuts
